 Dungeon Crawl Stone Soup version 0.17-a0-1508-ge7f3dc3 (webtiles) character file.

3885 mrath the Cleaver (level 10, -1/86 HPs)
             Began as a Hill Orc Fighter on July 10, 2015.
             Was a Priest of Makhleb.
             Slain by Gastronok (27 damage)
             ... on level 8 of the Dungeon on July 11, 2015.
             The game lasted 01:15:42 (8595 turns).

mrath the Cleaver (Hill Orc Fighter)                Turns: 8595, Time: 01:15:42

Health: -1/86      AC: 16    Str: 23      XL:     10   Next: 19%
Magic:  10/10      EV:  6    Int:  7 (8)  God:    Makhleb [***...]
Gold:   534        SH: 11    Dex: 12      Spells: 0 memorised, 9 levels left

rFire  . . .     SeeInvis .     a - +3 war axe
rCold  . . .     Clarity  .     n - +0 plate armour
rNeg   . . .     SustAt   .     c - +0 shield
rPois  .         Gourm    .     g - +0 helmet
rElec  .         Spirit   .     F - +0 cloak
rCorr  .         Warding  .     (no gloves)
rMut   .         Stasis   .     (no boots)
MR     .....                    (no amulet)
Stlth  ..........               W - +2 ring of dexterity
                                (no ring)

@: not resistant to hostile enchantments, extremely unstealthy
A: no striking features
a: Minor Destruction, Lesser Servant of Makhleb, Renounce Religion, Convert to
Beogh


You were on level 8 of the Dungeon.
You worshipped Makhleb.
Makhleb was most pleased with you.
You were not hungry.

You visited 1 branch of the dungeon, and saw 8 of its levels.

You collected 534 gold pieces.

Inventory:

Hand weapons
 a - a +3 war axe (weapon)
 i - a +1 flail of crushing
 j - a +0 quarterstaff of speed
 u - a +4 dagger of protection
 y - a cursed -1 spear
 z - a +1 mace of protection
 D - a +4 quarterstaff of chaos
 J - a +0 shortbow
 K - a +2 spear of piercing
 M - a cursed -1 mace
 Q - a +4 blowgun
 R - a +1 dagger of freezing
 V - a +0 short sword of speed
Missiles
 f - 123 arrows
 k - 135 stones (quivered)
 p - 10 poisoned arrows
 r - 49 sling bullets
 t - 6 needles of confusion
 I - 37 poisoned needles
 L - a throwing net
Armour
 c - a +0 shield (worn)
 g - a +0 helmet (worn)
 n - a +0 plate armour (worn)
 F - a +0 cloak (worn)
Jewellery
 s - an uncursed ring of fire
 H - an uncursed ring of flight
 W - a +2 ring of dexterity (right hand)
Magical devices
 v - a wand of random effects (18)
 B - a wand of digging (9)
 T - a wand of cold (11)
 X - a wand of lightning (7)
 Y - a wand of disintegration (5)
Scrolls
 l - 8 scrolls of teleportation
 w - a scroll of identify
 x - a scroll of magic mapping
 A - a scroll of recharging
 O - a scroll of fog
 U - a scroll of remove curse
Potions
 C - 2 potions of flight
 E - a potion of heal wounds {unknown}
Books
 b - a book of Callings

   Spells                             Type                      Level
   a - Summon Small Mammal            Summoning                    1
   b - Call Imp                       Summoning                    2
   c - Call Canine Familiar           Summoning                    3
   d - Summon Guardian Golem          Hexes/Summoning              3
   e - Summon Lightning Spire         Summoning/Air                4
   f - Summon Ice Beast               Ice/Summoning                4
 m - a book of Battle

   Spells                             Type                      Level
   a - Infusion                       Charms                       1
   b - Shroud of Golubria             Charms/Translocation         2
   c - Song of Slaying                Charms                       2
   d - Spectral Weapon                Hexes/Charms                 3
   e - Regeneration                   Charms/Necromancy            3
 N - a book of Conjurations

   Spells                             Type                      Level
   a - Magic Dart                     Conjuration                  1
   b - Searing Ray                    Conjuration                  2
   c - Dazzling Spray                 Conjuration/Hexes            3
   d - Fulminant Prism                Conjuration/Hexes            4
   e - Iskenderun's Mystic Blast      Conjuration                  4
   f - Iskenderun's Battlesphere      Conjuration/Charms           5
Comestibles
 d - 4 fruits
 e - 6 bread rations
 h - 3 slices of pizza
 o - 2 beef jerkies
 G - 7 chunks of flesh


   Skills:
 + Level 7.6 Fighting
 + Level 9.1 Axes
 + Level 6.3 Throwing
 + Level 7.4 Armour
 + Level 3.2 Dodging
 + Level 1.9 Stealth
 + Level 6.8 Shields


You had 9 spell levels left.
You didn't know any spells.

Dungeon Overview and Level Annotations

Branches:
Dungeon (8/15)             Temple (0/1) D:4
   Lair: D:8-11

Altars:
Dithmenos
Makhleb
Ru
Trog
Zin
The Shining One

Shops:
D:4 *   D:7 (

Annotations:
D:8 Gastronok


Message History

Use which ability? (? or * to list)
Press: ? - help, Shift-Dir - straight line, f/p - Gastronok
Aim: Gastronok, wearing the +3 hat of Pondering {ponderous, MR+ MP+10 Int+5} (severely wounded)
The stone arrow hits Gastronok.
Gastronok is severely wounded.
You feel slightly more hungry. Gastronok bites you!!
* * * LOW HITPOINT WARNING * * *
You hit Gastronok but do no damage.
Gastronok is severely wounded.
The orc priest shouts, "Join the one true god or die!"
You slice Gastronok!!
Gastronok is severely wounded.
Gastronok casts a spell.
Gastronok seems to move somewhat quicker.
Drink which item? (? for menu, Esc to quit)
You feel better.
You hit Gastronok.
Gastronok is severely wounded.
Gastronok bites you!!
You die...

#.........#
######.........#
.............).########
.............(.........
................###..
..............#{##
......#####.###oo#
......#####.# ##w##
......#.....# #@.#
......#.....# ##.#
......#.....# )#
......#...^<# ..
......#.###.# #.#
......#.###.# ..
......#.#...# ...
......#.....# ...
...[..#.....#


You could see Gastronok, an orc warrior and an orc priest.

Vanquished Creatures
  Sigmund (D:4)
  A hungry ghost (D:5)
  Menkaure (D:7)
  Edmund (D:4)
  An orc warrior (D:7)
  6 ogres
  3 ice beasts
  A phantom (D:4)
  3 sky beasts
  3 centaurs
  5 giant frogs
  A scorpion (D:6)
  The ghost of Friendofdean the Chopper, a weakling MiBe of Trog (D:3)
  3 wights (D:6)
  4 hounds
  A centaur zombie (D:5)
  A giant frog zombie (D:6)
  A wasp zombie (D:6)
  3 jellies
  5 orc wizards
  Crazy Yiuf (D:4)
  A quasit (D:7)
  A gnoll shaman (D:7)
  11 orc priests
  2 giant frog skeletons
  6 worker ants
  A hound skeleton (D:5)
  4 adders
  11 gnolls
  3 worms (D:2)
  6 giant geckos
  26 orcs
  7 giant cockroaches
  13 goblins
  9 hobgoblins
  4 quokkas
  A ball python zombie (D:5)
  9 bats
  2 giant gecko skeletons
  4 giant newts
  12 kobolds
  A quokka skeleton (D:5)
  15 rats
196 creatures vanquished.

Notes
Turn   | Place    | Note
--------------------------------------------------------------
     0 | D:1      | mrath the Hill Orc Fighter began the quest for the Orb.
     0 | D:1      | Reached XP level 1. HP: 19/19 MP: 1/1
   126 | D:1      | Reached XP level 2. HP: 27/27 MP: 2/2
   905 | D:2      | Reached XP level 3. HP: 33/33 MP: 3/3
   984 | D:2      | Reached skill level 4 in Fighting
  1610 | D:3      | Reached XP level 4. HP: 25/40 MP: 4/4
  1624 | D:3      | Reached skill level 1 in Dodging
  1756 | D:3      | Found a glowing silver altar of Zin.
  1788 | D:3      | Reached XP level 5. HP: 25/46 MP: 5/5
  1790 | D:3      | Noticed Friendofdean's ghost (weakling MiBe)
  1804 | D:3      | Killed Friendofdean's ghost
  2068 | D:3      | Found a burning altar of Makhleb.
  2157 | D:3      | Reached XP level 6. HP: 51/53 MP: 6/6
  2237 | D:3      | Found a shadowy altar of Dithmenos.
  2566 | D:3      | Found a glowing golden altar of the Shining One.
  2566 | D:3      | Found a shadowy altar of Dithmenos.
  2777 | D:3      | Became a worshipper of Makhleb the Destroyer
  2802 | D:4      | Found Quushrob's Assorted Antiques.
  2856 | D:4      | Noticed Crazy Yiuf
  2862 | D:4      | Killed Crazy Yiuf
  2862 | D:4      | Reached skill level 1 in Throwing
  2968 | D:4      | Reached skill level 5 in Axes
  3561 | D:4      | Reached skill level 5 in Armour
  3561 | D:4      | Reached skill level 1 in Stealth
  3561 | D:4      | Reached XP level 7. HP: 43/60 MP: 7/7
  3671 | D:4      | Found a sacrificial altar of Ru.
  3731 | D:4      | Noticed Sigmund
  3758 | D:4      | Killed Sigmund
  3758 | D:4      | Reached skill level 5 in Fighting
  4057 | D:4      | Found a staircase to the Ecumenical Temple.
  4092 | D:4      | Reached skill level 6 in Axes
  4287 | D:4      | Noticed Edmund
  4303 | D:4      | Killed Edmund
  4303 | D:4      | Reached skill level 5 in Shields
  4303 | D:4      | Reached XP level 8. HP: 52/69 MP: 8/8
  4634 | D:5      | Entered Level 5 of the Dungeon
  4655 | D:5      | Acquired Makhleb's first power
  5231 | D:5      | Reached skill level 7 in Axes
  5281 | D:5      | Reached XP level 9. HP: 35/75 MP: 9/9
  6085 | D:6      | Acquired Makhleb's second power
  6577 | D:6      | Reached skill level 5 in Throwing
  6933 | D:7      | Reached skill level 8 in Axes
  7258 | D:7      | Noticed Menkaure
  7264 | D:7      | Killed Menkaure
  7338 | D:7      | Acquired Makhleb's third power
  7628 | D:7      | Reached XP level 10. HP: 72/86 MP: 10/10
  7660 | D:7      | Found Deofuba's Weapon Shop.
  7978 | D:7      | Found a bloodstained altar of Trog.
  8419 | D:8      | Reached skill level 9 in Axes
  8551 | D:8      | Noticed Gastronok
  8595 | D:8      | Slain by Gastronok

Vault maps used:
D:1:      dpeg_arrival_rooms_with_view, minmay_misc_feat_roman, minivault_19,
          minmay_misc_feat_hallway
D:2:      minmay_stone_trees_large
D:3:      makhleb_heckhound_becter, gammafunk_temple_overflow_pools,
          old_standard_altar, minmay_stone_trees_small,
          nicolae_dithmenos_shadow_blocks
D:4:      nicolae_ru_awakened_eye, first_bread, serial_shops,
          nicolae_shop_competitors_out_of_business, grunt_ministairs_9,
          sigmund_edmund_badplayer, uniq_crazy_yiuf_cottage
D:5:      kennysheep_small_circle
D:6:      minmay_opposing_rooms
D:7:      nicolae_overflow_crystal_walls, serial_shops, shop, uniq_menkaure
D:8:      erik_lair_dragon, trog_ov_bears_minmay, uniq_gastronok

Action                   |  1- 3 |  4- 6 |  7- 9 | 10-12 || total
-------------------------+-------+-------+-------+-------++-------
Melee: War axe           |   105 |   167 |   300 |    79 ||   651
 Fire: Blowgun           |       |       |     3 |       ||     3
Throw: Stone             |    14 |    30 |    46 |     7 ||    97
       Javelin           |       |     4 |    98 |    17 ||   119
Invok: Minor Destruction |       |       |       |     1 ||     1
  Use: Scroll            |     7 |     4 |    10 |       ||    21
       Potion            |     1 |     2 |     3 |     6 ||    12
  Eat: Meat ration       |     1 |       |     1 |       ||     2
       Chunk             |       |     2 |     5 |     3 ||    10
       Royal jelly       |       |     1 |     1 |       ||     2
       Beef jerky        |       |       |     1 |       ||     1
